Cogmind - Beta 14 @@@ ROGUE MODE // 2024.10.23 @ 21:10:23 Player: star Result: Destroyed by as-60809 with Assembled Heavy Rifle Performance ------------- Evolutions (0) 0 Regions Visited (3) 600 Robots Destroyed (4) 20 Value Destroyed (18) 18 Prototype IDs (23) 460 Alien Tech Used (0) 0 Bonus (300) 300 TOTAL SCORE: 1398 Bonus ------- Aligned with FarCom 300 Cogmind --------- Core Integrity 0/250 Matter 276/300 Energy 99/100 System Corruption 8% Temperature Cool (0) Movement Rolling (100) Location -10/Exiles Parts ------- > --- POWER (1) -------- (None) > --- PROPULSION (2) --- Compact Wheel > --- UTILITY (2) ------ Small Storage Unit > --- WEAPON (2) ------- Assault Rifle Makeshift Axe > --- INVENTORY (8) ---- Wheel High-capacity Matter Pod (38) Cloak of Protection EX Chip 1 EX Chip 1 EX Chip 2 Advanced Component Analysis Suite Assault Rifle Peak State ------------ > --- POWER ------------ (None) > --- PROPULSION ------- Wheel Compact Wheel > --- UTILITY ---------- Small Storage Unit Cloak of Protection > --- WEAPON ----------- Assault Rifle Makeshift Axe > --- INVENTORY -------- Wheel High-capacity Matter Pod EM Pulse Gun Assault Rifle [Rating: 16] Favorites ----------- Power Light Ion Engine Engine Light Ion Engine Propulsion Wheel Treads Light Treads Wheel Wheel Utility Small Storage Unit Device Cloak of Protection Storage Small Storage Unit Protection Light Armor Plating Weapon Assault Rifle Ballistic Gun Assault Rifle Slashing Weapon Makeshift Axe Build | -11 -10 -10 -10 ------- Run | Yrd Mat Min Exi Slots Evolved . | . . . . Power . | . . . . Propulsion . | . . . . Utility . | . . . . Weapon . | . . . . Parts Attached 18 | 7 7 2 2 Power 3 | 1 2 . . Engine 3 | 1 2 . . Core . | . . . . Reactor . | . . . . Propulsion 6 | 3 1 1 1 Treads 1 | 1 . . . Leg . | . . . . Wheel 5 | 2 1 1 1 Hover . | . . . . Flight . | . . . . Utility 4 | 1 2 . 1 Device 1 | . . . 1 Storage 1 | 1 . . . Processor . | . . . . Hackware . | . . . . Protection 2 | . 2 . . Artifact . | . . . . Weapon 5 | 2 2 1 . Energy Gun . | . . . . Energy Cannon . | . . . . Ballistic Gun 4 | 2 2 . . Ballistic Cannon . | . . . . Launcher . | . . . . Special Weapon . | . . . . Impact Weapon . | . . . . Slashing Weapon 1 | . . 1 . Piercing Weapon . | . . . . Special Melee Weapon . | . . . . Unidentified Prototypes . | . . . . Parts Lost 3 | . . 2 1 Power 1 | . . 1 . Propulsion 1 | . . . 1 Utility 1 | . . 1 . Weapon . | . . . . Highest Loss Streak 2 | . . 2 1 To Critical Strikes . | . . . . Average Slot Usage (%) 89 | . 94 97 71 Engine 9 | . 13 12 . Wheel 27 | . 28 28 27 Storage 14 | . 14 14 14 Protection 9 | . 12 12 . Ballistic Gun 22 | . 25 25 14 Slashing Weapon 4 | . . 2 14 Peak Build Rating 16 | 6 7 10 16 Average Rating 7 | 4 6 7 8 On Entrance 5 | . 6 7 8 Naked Turns . | . . . . Heaviest Build 18 | 12 15 16 18 Greatest Support 26 | 26 26 26 26 Greatest Overweight (x) . | . . . . Average Overweight (x) . | . . . . Largest Inventory Capacity 8 | 8 8 8 8 Average Capacity 7 | 6 8 8 8 Most Carried 8 | 1 2 4 8 Average Carried 2 | . 1 2 4 Final Capacity 8 | 8 8 8 8 Final Carried 8 | 1 2 4 8 Class Distribution -------------------- 100% | Mutant Dominant Class ---------------- Mutant | -10/Materials Mutant | -10/Mines Mutant | -10/Exiles Resources | -11 -10 -10 -10 ----------- Run | Yrd Mat Min Exi Matter Collected 531 | 234 . 277 20 Remotely . | . . . . Salvage Created 135 | . 50 65 20 Parts 20 | . 4 6 10 Haulers Intercepted 1 | . 1 . . Recyclers Shooed . | . . . . Parts Field Recycled . | . . . . Retrieved Matter . | . . . . Parts Self-Destructed . | . . . . Prevented . | . . . . Kills | -11 -10 -10 -10 ------- Run | Yrd Mat Min Exi Combat Hostiles Destroyed 3 | . . 3 . Melee 1 | . . 1 . Guns 2 | . . 2 . Classes Destroyed 4 | . 1 3 . Builder 1 | . . 1 . Hauler 1 | . 1 . . Swarmer 1 | . . 1 . Assembled 2 | . . 2 . Best Kill Streak 2 | . 1 2 1 Combat Bots Only 1 | . . 1 . Max Kills in Single Turn 1 | . 1 1 1 Gunslinging . | . . . . Exploded . | . . . . Melee 1 | . . 1 . Uniques/NPCs Destroyed 1 | . . . 1 EX-BIN (-10/Exiles) Combat | -11 -10 -10 -10 -------- Run | Yrd Mat Min Exi Hostile Shots Fired 59 | . 1 37 21 Missed 12 | . 1 7 4 Damage Taken 625 | . . 334 291 Core 262 | . . 95 167 Absorbed by Shields . | . . . . Core Remaining (%) 100 | 100 . . . Volleys Fired 21 | . 6 15 . Largest 2 | . 2 2 . Hottest 40 | . 40 40 . Shots Fired 43 | . 12 30 1 Gun 43 | . 12 30 1 Cannon . | . . . . Launcher . | . . . . Special . | . . . . Kinetic 43 | . 12 30 1 Thermal . | . . . . Explosive . | . . . . Electromagnetic . | . . . . Robot Hit Streak 7 | . 7 4 . Robot Miss Streak 3 | . 1 3 1 Penetration Max . | . . . . Secondary Targets . | . . . . Shots Hit Robots 29 | . 9 19 1 Core Hits 7 | . 2 5 . Critical Kills . | . . . . Critical Parts Destroyed . | . . . . Critical Strikes . | . . . . Melee Attacks 13 | . . 12 1 Impact . | . . . . Slashing 13 | . . 12 1 Piercing . | . . . . Sneak Attacks 2 | . . 1 1 Combat Hostiles . | . . . . Follow-up Attacks . | . . . . Damage Inflicted 581 | . 110 388 83 Guns 302 | . 110 192 . Cannons . | . . . . Explosions . | . . . . Melee 279 | . . 196 83 Ramming . | . . . . Kinetic 302 | . 110 192 . Thermal . | . . . . Explosive . | . . . . Electromagnetic . | . . . . Impact . | . . . . Slashing 279 | . . 196 83 Piercing . | . . . . Highest Corruption 8 | . . 8 8 Average Corruption 7 | . . 7 8 Corruption Purged . | . . . . Corruption Blocked . | . . . . Effects 9 | . . 2 7 Message Errors 2 | . . . 2 Matter Fused 3 | . . 1 2 Parts Rejected 1 | . . . 1 Data Loss (minor) 1 | . . 1 . Data Loss (major) 1 | . . . 1 Misfires 1 | . . . 1 Overload Shots . | . . . . Overflow Damage 50 | . . 7 43 Projectiles . | . . . . Explosions . | . . . . Melee 50 | . . 7 43 Knockbacks . | . . . . Impact . | . . . . Kinetic . | . . . . Secondary . | . . . . Self-Inflicted Damage . | . . . . Shots . | . . . . Rammed . | . . . . Targets Rammed . | . . . . Kicked . | . . . . Crushed . | . . . . Highest Temperature . | . . . . Average Temperature . | . . . . Received Heat Transfer 60 | . . . 60 Siege Activations . | . . . . Robots Corrupted . | . . . . Combat Hostiles . | . . . . Parts Fried . | . . . . Impact Corruptions . | . . . . Robots Melted . | . . . . Combat Hostiles . | . . . . Parts Melted . | . . . . Heat Transferred . | . . . . Parts Sabotaged . | . . . . Parts Stolen . | . . . . Parts Stripped . | . . . . Power Chain Reactions . | . . . . Alert | -11 -10 -10 -10 ------- Run | Yrd Mat Min Exi Peak Influence 38 | . 22 38 . Initial 8 | . . 8 . Average 21 | . 2 34 . Maximum Alert Level . | . . . . Low Security (%) 100 | 100 100 100 . Level 1 . | . . . . Level 2 . | . . . . Level 3 . | . . . . Level 4 . | . . . . Level 5 . | . . . . High Security . | . . . . Max Security . | . . . . Squads Dispatched 1 | . 1 . . Investigation . | . . . . Extermination . | . . . . Reinforcement 1 | . 1 . . Assault . | . . . . Garrison . | . . . . Intercept . | . . . . Searches Triggered . | . . . . Construction Impeded . | . . . . Haulers Reinforced . | . . . . Active Scanning Responses . | . . . . Cargo Convoy Interrupts . | . . . . Stealth | -11 -10 -10 -10 --------- Run | Yrd Mat Min Exi Distress Signals . | . . . . Communications Jammed . | . . . . Distress Signals . | . . . . Times Spotted 20 | . 5 7 8 Peak Tracking Total 10 | . 4 2 10 Tactical Retreats 2 | . . 2 . Traps | -11 -10 -10 -10 ------- Run | Yrd Mat Min Exi Traps Triggered 3 | . 3 . . Indirectly . | . . . . Trap Hack Attempts . | . . . . Triggered . | . . . . Disarmed . | . . . . Reprogrammed . | . . . . Reused . | . . . . Traps Extracted . | . . . . Installed . | . . . . Triggered . | . . . . Machines | -11 -10 -10 -10 ---------- Run | Yrd Mat Min Exi Machines Disabled . | . . . . Max in Single Turn . | . . . . Machines Repaired . | . . . . Machines Dismantled . | . . . . Machines Sabotaged . | . . . . Overloaded Fab Kills . | . . . . Hacking | -11 -10 -10 -10 --------- Run | Yrd Mat Min Exi Machines Accessed 1 | . . . 1 Terminals . | . . . . Fabricators . | . . . . Repair Stations . | . . . . Recycling Units . | . . . . Scanalyzers . | . . . . Garrison Access . | . . . . Total Hacks 1 | . . . 1 Successful 1 | . . . 1 Failed . | . . . . Catastrophic . | . . . . Database Lockouts . | . . . . Manual 1 | . . . 1 Terminals . | . . . . Fabricators . | . . . . Repair Stations . | . . . . Recycling Units . | . . . . Scanalyzers . | . . . . Garrison Access . | . . . . Terminal Hacks 1 | . . . 1 Derelict Proto ID Bank 1 | . . . 1 Fabricator Hacks . | . . . . Repair Station Hacks . | . . . . Recycling Unit Hacks . | . . . . Scanalyzer . | . . . . Garrison Access Hacks . | . . . . Unauthorized Hacks . | . . . . Terminals . | . . . . Fabricators . | . . . . Repair Stations . | . . . . Recycling Units . | . . . . Scanalyzers . | . . . . Garrison Access . | . . . . Data Cores Recovered . | . . . . Used . | . . . . Hacking Detections . | . . . . Full Trace Events . | . . . . Feedback Events . | . . . . Feedback Blocked . | . . . . Robot Schematics Acquired . | . . . . Robots Built . | . . . . Authchips . | . . . . Time . | . . . . Total Robot Build Rating . | . . . . Part Schematics Acquired . | . . . . Parts Built . | . . . . Authchips . | . . . . Time . | . . . . Total Part Build Rating . | . . . . Parts Repaired . | . . . . Time . | . . . . Parts Recycled . | . . . . Recycled Matter . | . . . . Retrieved Matter . | . . . . Retrieved Components . | . . . . Parts Scanalyzed . | . . . . Part Schematics Acquired . | . . . . Parts Damaged . | . . . . Bothacking | -11 -10 -10 -10 ------------ Run | Yrd Mat Min Exi Used RIF Installer . | . . . . Robots Hacked . | . . . . Non-combat . | . . . . Combat . | . . . . Robot Hacks Applied . | . . . . Relay Couplers Released . | . . . . Fabnet Peak Effective % . | . . . . Robots Rewired . | . . . . Allies Hacked . | . . . . Hacks Repelled . | . . . . Allies | -11 -10 -10 -10 -------- Run | Yrd Mat Min Exi Total Allies . | . . . . Largest Group . | . . . . Highest-Rated Group . | . . . . Highest-Rated Ally . | . . . . Total Orders . | . . . . Ally Attacks . | . . . . Total Damage . | . . . . Kills . | . . . . Allies Corrupted . | . . . . Allies Melted . | . . . . Intel | -11 -10 -10 -10 ------- Run | Yrd Mat Min Exi Robot Analysis Total . | . . . . Derelict Logs Recovered 1 | . . 1 . Drone Launches . | . . . . Drone Recoveries . | . . . . Exploration | -11 -10 -10 -10 ------------- Run | Yrd Mat Min Exi Turns Passed 711 | 51 168 312 180 Spaces Moved 540 | 42 153 159 186 Core 2 | 2 . . . Treads 5 | 5 . . . Legs . | . . . . Wheels 533 | 35 153 159 186 Hover . | . . . . Flight . | . . . . Fastest Speed 50 | 50 90 90 90 Average Speed 90 | 95 90 90 90 Slowest Speed 160 | 160 100 90 100 Overloaded Moves . | . . . . Propulsion Burnouts . | . . . . Robots Hopped . | . . . . Cave-ins Triggered . | . . . . Exploration Rate (%) 22 | 5 23 22 40 Regions Visited 3 Branch Regions 2 Pre-discovered Areas . | . . . . Known Exits Taken 1 | . . 1 . Unknown Exits Taken 2 | 1 1 . . Scrap Searched . | . . . . Spaces Dug 3 | . . 3 . Terrain Destroyed 3 | . . 3 . Melee 3 | . . 3 . Projectile . | . . . . AOE . | . . . . Terrain Rammed . | . . . . Walls Destroyed . | . . . . Machines Disabled . | . . . . Actions | -11 -10 -10 -10 --------- Run | Yrd Mat Min Exi Total 697 | 49 167 284 197 Wait 99 | . 1 96 2 Move 537 | 41 152 158 186 Hop . | . . . . Pick Up 7 | 1 1 1 4 Fast Attach 15 | 6 7 . 2 Attach . | . . . . Detach 1 | . . . 1 Swap 3 | 1 . 2 . Drop 1 | . . . 1 Fire 21 | . 6 15 . Melee 13 | . . 12 1 Ram . | . . . . Kick . | . . . . Crush . | . . . . Escape Stasis . | . . . . Rewire . | . . . . Trap . | . . . . Miscellaneous . | . . . . Route ------- -11/Scrapyard -10/Materials -10/Mines -10/Exiles (discovered 1 exit: [*Min]) History --------- Turn | Location | Event 17 | -11/Scrapyard | Discovered new exit (range 15) 52 | -11/Scrapyard | Entered Materials 184 | -10/Materials | Discovered new exit (range 11) 220 | -10/Materials | Entered Mines 255 | -10/Mines | Identified exit to Exiles 264 | -10/Mines | Assembled infested the area 314 | -10/Mines | Build established: Mutant 463 | -10/Mines | A weapon hastily lodged in a ceiling crevice suddenly fell to the ground 532 | -10/Mines | Entered Exiles 544 | -10/Exiles | Discovered new exit (range 15) 555 | -10/Exiles | Met 8R-AWN 569 | -10/Exiles | Met EX-HEX 595 | -10/Exiles | Met EX-BIN 605 | -10/Exiles | Aligned with FarCom system 606 | -10/Exiles | Given EX-Vault access code 632 | -10/Exiles | Opened EX-Vault 654 | -10/Exiles | Found Cloak of Protection 677 | -10/Exiles | Warned to stay clear of 0b10 Research branches 685 | -10/Exiles | Attacked by the Exiles 688 | -10/Exiles | Destroyed EX-BIN 706 | -10/Exiles | Core integrity fell below 50% 710 | -10/Exiles | Core integrity fell below 20% 712 | -10/Exiles | Destroyed by as-60809 with Assembled Heavy Rifle Last Messages --------------- And if we have to leave here due to unforeseen circumstances, don't worry the FarCom system will continue to maintain contact via our distributed network. 00685_ System corrupted: FCS attempts to trigger Assault Rifle. 00685_ System corrupted: Assault Rifle misfires. 00685_ EXILES: Hostile robot within lab perimeter. Defensive protocols time, folks! 00687_ EX-BIN: "I just want to science!" 00688_ Sneak attack on EX-BIN. 00688_ Destroyed Mak. Hover Unit. 00688_ EX-BIN: "You can't kill me, my evil twin will get revenge!" 00688_ EX-BIN destroyed. 00690_ Acquired 20 matter. 00692_ Acquired EX Chip 2. 00693_ Acquired EX Chip 1. 00700_ Dropped EM Pulse Gun. 00700_ Acquired Adv. Component Analysis Suite. 00701_ System corrupted: Wheel rejected. 00701_ Acquired Wheel. 00705_ Wheel destroyed. Map ----- +----------------------------------------------------+ | ??????????????????####??# #??"""""???????????? | | ??????????????????"""""?# #???#?##???????????? | | ??????????????????""" ## #??????????????????? | | ????????????????#""X" #??????????????????? | | ????????????????#" #??????????????????? | | ????????????????#" ## #??????????????????? | | ????????????????#""""""?# #?#########????????? | | ??????????????????"###??# #?#"""""""#????????? | | ????????????????????????# #?#"""""""#????????? | | ????????????????????????# #?#"""""""#????????? | | ???????????????????????## ###"" """"#????????? | | ???????????????????????#" """"#????????? | | ???????????????????????#" """#????????? | | ???????????????????????#" """#????????? | | ???????????????????????#" """#????????? | | ???????????????????????#" """#????????? | | ???????????????????????#" ! """##???????? | | ???????????????????????## !! """""???????? | | ????????????????????????# [ """##???????? | | ????????????????????????#" !!"X" """""???????? | | ????????????????????????#" aa !""" # ???????? | | ????????????????????????#"a """""""""#????????? | | ???????????????????????##" aa###########????????? | | ??????????????????????##""a #??????????????????? | | ???????????????????####""a #??????????????????? | | ???????????????????""""""@ ##?????????????????? | | ??????????????????"" " "" ##???###########??? | | ??????????????????"" " #####"""""""""##?? | | ????????????????? " " """ """"##? | | ??????????????? "" " #? | | ??????????????? " """#? | | ???????????????? " "#? | | ??????????????? " "## | | ???????????????? ""# | | ???????????????? """""" "" | | ????????????????? ######""" | | ????????????????? ""#?????#####""" | | ??????????????????????????????##""" | | ???????????????????????????????#"""" | | ???????????????????????????????#"" | | ???????????????????????????????"""" | | ???????????????????????????????? | | ??????????????????????????????? | | ??????????????????????????????? | | ??????????????????????????????? | | ??????????????????????????????? " | | ???????????????????????????????? """ | | ????????????????????????????????? " " ""#" | | ??????????????????????????????????""" "??##""""""" | | ????????????????????????????????????""????######## | +----------------------------------------------------+ Best States ------------- Heat Dissipation 25 Energy Generation 10 Energy Capacity 125 Matter Stores 300 Matter Capacity 300 Sight Range 16 Terrain Scan Density 10 Armor Coverage 150 Evasion (%) 42 Recoil Reduction 1 Item Schematics ----------------- None Robot Schematics ------------------ None Fabricated ------------ Nothing Alien Tech Used ----------------- None Achievements -------------- None Challenges ------------ None Game ------ Seed NeutronSiegeField Manual? 0 Play Time 00:06:09 Cumulative 121.3 hours Start 2024.10.23 @ 18:27:27 End 2024.10.23 @ 21:10:23 Sessions 1 Manual Loads 0 Difficulty Rogue Special Mode None Game No. 206 Rogue 206 Adventurer 0 Explorer 0 Win Type - Total 1 Types 1/0/0/0/0/0/0/0/0 Lore% 51 Gallery% 59 Achievement% 46 Wizard Run 0 Options --------- Layout 0 ASCII 0 Keyboard 1 Movement Numpad Keybinds 0 Fullscreen 2 Font 18/SmallcapsGlow Map View 76x50 Zoom Use 0% Tactical HUD 1 Map Filters NONE Filters NONE Steam 1 RUN: aafe3d6e-b884-4aa7-8cdc-9b8998487e93